 Dungeon Crawl Stone Soup version 0.28-a0-1182-g381e24db82 (webtiles) character file.

Game seed: 18161626300371489912

555 ytrimaz the Chopper (level 7, -1/51 (54) HPs)
             Began as a Demonspawn Berserker on Dec 16, 2021.
             Was a Priest of Trog.
             Slain by a wight (3 damage)
             ... on level 5 of the Dungeon.
             The game lasted 00:03:26 (4113 turns).

ytrimaz the Chopper (Demonspawn Berserker)          Turns: 4113, Time: 00:03:26

HP:   -1/51 (54)    AC:  7    Str: 20    XL:     7   Next: 8%
MP:   7/7           EV: 11    Int:  8    God:    Trog [***...]
Gold: 173           SH:  0    Dex: 12    Spells: 6/6 levels left

rFire   . . .      SeeInvis .   g - +0 war axe
rCold   + . .      Faith    .   (no shield)
rNeg    . . .      Spirit   .   h - +0 scale mail
rPois   .          Reflect  .   (helmet restricted)
rElec   .          Harm     .   (no cloak)
rCorr   .          Rampage  .   (no gloves)
Will    ++...                   (no boots)
Stlth   ..........              (no amulet)
HPRegen 1.17/turn               n - ring of protection from cold
MPRegen 0.20/turn               (no ring)

@: about to teleport, strong-willed, on berserk cooldown, regenerating, slowed,
drained, very slow
A: antennae 1, claws 1, hooves 1, magic regeneration
a: Renounce Religion, Berserk, Trog's Hand


You were on level 5 of the Dungeon.
You worshipped Trog.
Trog was most pleased with you.
You visited 1 branch of the dungeon, and saw 5 of its levels.

You collected 173 gold pieces.

Inventory:

Hand Weapons
 g - a +0 war axe (weapon)
Armour
 h - a +0 scale mail (worn)
Jewellery
 n - a ring of protection from cold (left claw)
Scrolls
 a - a scroll of teleportation
 f - a scroll of immolation
Potions
 b - 6 potions of curing
 c - a potion of ambrosia
 d - a potion of mutation {unknown}
 e - a potion of heal wounds
 i - a potion of flight {unknown}
 j - a potion of berserk rage
 k - a potion of invisibility {unknown}
 l - a potion of degeneration {unknown}


   Skills:
 + Level 4.2 Fighting
 - Level 4.3 Axes
 * Level 4.3 Armour
 * Level 3.3 Dodging
 * Level 1.4 Unarmed Combat


You had 6 spell levels left.
You didn't know any spells.
Your spell library was empty.

Dungeon Overview and Level Annotations

Branches:
Dungeon (5/15)
 Temple: D:4-7

Altars:
Beogh

Shops:
D:1 :

Annotations:
D:4 3 runed translucent doors, ducksouse's ghost, amateur MiFi


Innate Abilities, Weirdness & Mutations

You have a pair of small antennae on your head.
You have sharp fingernails.
You have large cloven feet.
You regenerate magic rapidly.


Message History

The wight is severely damaged.
You barely miss the wight. The wight hits you with a +0 dagger.
The wight barely misses you.
Unknown command.
The wight closely misses you.
Unknown command.
You feel a strong urge to attack something.
You are no longer berserk.
You are exhausted.
You feel yourself slow down. The wight hits you but does no damage.
The wight barely misses you.
The wight hits you with a +3 dagger of freezing.
You feel drained. The wight freezes you.
You see here a +0 short sword.
You hit the wight. You kick the wight.
The wight is moderately damaged.
You hit the wight but do no damage. You slash the wight!
You destroy the wight!
Trog accepts your kill.
You closely miss the wight. The wight misses you.
The wight hits you with a +0 spear. The wight barely misses you.
The wight hits you with a +0 dagger.
You feel drained. The wight hits you but does no damage.
The wight hits you with a +3 dagger of freezing!
* * * LOW HITPOINT WARNING * * *
The wight freezes you.
* * * LOW HITPOINT WARNING * * *
Found 12 gold pieces.
Found a stone staircase leading down.
The wight misses you. The wight hits you with a +0 spear.
* * * LOW HITPOINT WARNING * * *
You feel drained.
* * * LOW HITPOINT WARNING * * *
The wight barely misses you. The wight hits you but does no damage.
Unknown command.
As you read the scroll of teleportation, it crumbles to dust.
You feel strangely unstable. The wight closely misses you.
The wight barely misses you. The wight hits you with a +0 spear.
* * * LOW HITPOINT WARNING * * *
The wight hits you with a +3 dagger of freezing.
You die...

# ## (### # #..
...#.. $.#..##
#......
.......###.....#
.......zz......#
.$.###@z)####.#
.>........##
#.......†..#
...######..# ..
##.# #..# ####
###.##
##..###..##
##......###


You could see 3 wights.

Vanquished Creatures
  Edmund (D:4)
  A sky beast (D:5)
  A wight (D:5)
  2 hounds
  Jessica (D:3)
  2 centaur skeletons (D:4)
  An iguana (D:4)
  A hound skeleton (D:4)
  5 adders
  An adder skeleton (D:4)
  3 worms
  A dart slug (D:4)
  10 ball pythons
  3 bats (D:1)
  4 endoplasms
  2 giant cockroaches (D:4)
  7 goblins
  6 hobgoblins
  4 jackals (D:2)
  8 kobolds
  5 quokkas
  3 frilled lizards
  5 rats
77 creatures vanquished.

Notes
Turn   | Place    | Note
-------+----------+-------------------------------------------
     0 | D:1      | ytrimaz the Demonspawn Berserker began the quest for the
                  | Orb.
     0 | D:1      | Reached XP level 1. HP: 18/18 MP: 1/1
   401 | D:1      | Discovered your monstrous ancestry.
   401 | D:1      | Gained mutation: You have large cloven feet. [demonic
                  | ancestry]
   401 | D:1      | Reached XP level 2. HP: 24/24 MP: 2/2
   610 | D:1      | Found Annul's Book Emporium.
   734 | D:1      | Found a faded altar of an unknown god.
  1044 | D:2      | Reached XP level 3. HP: 13/29 MP: 3/3
  1261 | D:2      | Reached ** piety under Trog
  1646 | D:2      | Gained mutation: You have a pair of small antennae on your
                  | head. [demonic ancestry]
  1646 | D:2      | Reached XP level 4. HP: 25/35 MP: 4/4
  2337 | D:3      | Noticed Jessica
  2354 | D:3      | Killed Jessica
  2871 | D:4      | Identified the +1 dagger of a ziggurat {vorpal, Will++
                  | Int-5}
  2872 | D:4      | Found a runed translucent gate.
  2872 | D:4      | Noticed an orc warrior
  2873 | D:4      | Found a runed translucent gate.
  2873 | D:4      | Found a runed translucent gate.
  2873 | D:4      | Noticed ducksouse's ghost (amateur MiFi)
  2896 | D:4      | Gained mutation: You regenerate magic rapidly. [demonic
                  | ancestry]
  2896 | D:4      | Reached XP level 5. HP: 29/42 MP: 5/5
  3062 | D:4      | Reached *** piety under Trog
  3407 | D:4      | Gained mutation: You have sharp fingernails. [demonic
                  | ancestry]
  3407 | D:4      | Reached XP level 6. HP: 45/48 MP: 6/6
  3432 | D:4      | Noticed Edmund
  3449 | D:4      | Killed Edmund
  3832 | D:5      | Entered Level 5 of the Dungeon
  3942 | D:5      | Noticed a sky beast
  3958 | D:5      | Killed a sky beast
  3959 | D:5      | Reached skill level 1 in Unarmed Combat
  4107 | D:5      | Reached XP level 7. HP: 53/54 MP: 7/7
  4113 | D:5      | HP: 2/51 [wight (5)]
  4113 | D:5      | Slain by a wight

Illustrated notes

Levels and vault maps discovered:
D:1:      erik_arrival_blinker_ship, layout_loops_cross,
          hellmonk_ecumenical_altar_heavens_door, serial_shops,
          nicolae_diamond_shop, roderic_cross_of_infinity
D:2:      layout_basic
D:3:      layout_rooms, kennysheep_generic_room_10, uniq_jessica
D:4:      layout_basic, biasface_ghost_orc_armoury, uniq_edmund
D:5:      layout_layer_cave

Skill      XL: |  1  2  3  4  5  6 |
---------------+-------------------+-----
Dodging        | 2 3 |  3.3
Armour         | 2 3 4 |  4.3
Axes           | 3 4 |  4.3
Fighting       | 4 |  4.2
Unarmed Combat | 1 |  1.4

Action                   |  1- 3 |  4- 6 |  7- 9 || total
-------------------------+-------+-------+-------++-------
Melee: Hand axe          |    90 |    38 |       ||   128
       Kick              |    16 |    45 |     2 ||    63
       War axe           |       |   109 |     3 ||   112
Invok: Berserk           |       |     2 |       ||     2
       Trog's Hand       |       |     1 |       ||     1
  Use: Scroll            |     3 |     4 |     1 ||     8
       Potion            |       |     2 |       ||     2
Armor: Animal skin       |     7 |       |       ||     7
       Ring mail         |    21 |       |       ||    21
       Scale mail        |       |    73 |     3 ||    76
Dodge: Dodged            |    59 |    98 |     9 ||   166

Table legend: (Time is in decaauts)
 A = Elapsed time spent in this place.
 B = Non-inter-level travel time spent in this place.
 C = Inter-level travel time spent in this place.
 D = Time resting spent in this place.
 E = Time spent auto-exploring this place.
 F = Levels seen in this place.
 G = Mean time per level.
                   A        B        C        D        E       F      G
               +--------+--------+--------+--------+--------+-----+--------+
         Total |   4167 |   4063 |    104 |    107 |   3219 |   5 |  833.4 |
       Dungeon |   4167 |   4063 |    104 |    107 |   3219 |   5 |  833.4 |
               +--------+--------+--------+--------+--------+-----+--------+

Top non-repeatable levels by time:
     D:2: 1190 daAuts
     D:4: 1161 daAuts
     D:1: 923 daAuts
     D:3: 604 daAuts
     D:5: 287 daAuts
